Map: Dusk Towers

Players

test - Winner!

  • Race: Terran Terran
  • League: Diamond

blackxored

  • Race: Zerg Zerg
  • League: Diamond

VOD

Have the link to the VOD?

Description

Time

  • Played on: June 30, 2016, 9:50 a.m.
  • Length: 7:22
Show
View Real Time Build Order
Export as new Build Order

test Terran - Winner!

Build Orders:  

Get SALT Encoding   

  12  0:00  SCV  
  13  0:14  Supply Depot  
  13  0:37  Barracks  
  13  0:44  Barracks  
  13  1:00  Barracks  
  13  1:04  SCV  
  14  1:23  Marine  
  14  1:24  Orbital Command  
  15  1:34  Marine  
  16  1:45  Bunker  
  16  1:47  Marine  
  17  2:03  Bunker  
  17  2:05  Marine x2  
  19  2:09  Bunker  
  19  2:15  Marine  
  20  2:22  Supply Depot  
  20  2:29  Bunker  
  20  2:36  Marine  
  21  2:47  Marine  
  21  2:48  Marine  
  23  2:56  Marine  
  24  3:05  Marine x2, SCV  
  27  3:15  Marine  
  28  3:23  Marine  
  27  3:51  Marine x3  
  27  4:04  SCV  
  27  4:05  Refinery x2  
  27  4:08  Marine  
  27  4:09  Marine x2  
  31  4:12  Bunker  
  31  4:23  SCV  
  30  4:26  Marine  
  30  4:28  Supply Depot  
  31  4:49  Marine  
  32  4:57  SCV  
  33  5:10  Factory  
  33  5:28  Marine x3  
  29  5:45  Marine  
  29  5:46  Marine  
  25  5:59  Factory Tech Lab  
  25  6:01  Marine  
  25  6:02  Factory  
  25  6:03  Marine  
  27  6:06  SCV  
  27  6:08  Barracks Tech Lab  
  26  6:28  Marine x3  
  26  6:31  Siege Tank  
  32  6:45  Marine  
  32  6:46  Marine x2  
  34  7:03  Marine x2  
  34  7:04  Marine  
Show
View Real Time Build Order
Export as new Build Order

blackxored Zerg 

Build Orders: Hatch First 

Get SALT Encoding   

  12  0:01  Drone  
  13  0:08  Drone  
  14  0:17  Overlord  
  14  0:22  Extractor  
  14  0:23  Drone  
  15  0:37  Drone x2  
  17  0:55  Drone  
  17  0:56  Hatchery  
  17  0:58  Drone  
  18  1:10  Extractor  
  17  1:13  Spawning Pool  
  17  1:16  Drone  
  17  1:20  Drone  
  18  1:27  Drone  
  19  1:38  Overlord  
  19  1:49  Drone  
  21  2:03  Roach Warren, Queen  
  21  2:04  Spine Crawler  
  21  2:08  Zergling x2  
  22  2:16  Zergling x2  
  21  2:23  Zergling x2  
  21  2:29  Metabolic Boost  
  22  2:33  Zergling x2  
  23  2:46  Zergling x2  
  23  2:53  Drone  
  23  2:54  Spine Crawler  
  23  3:12  Overlord  
  23  3:34  Roach x4  
  27  3:38  Overlord  
  29  4:00  Ravager x2  
  29  4:07  Zergling x6  
  32  4:25  Ravager  
  35  4:31  Roach  
  30  5:07  Roach x4  
  33  5:45  Roach x3  
  33  5:46  Overlord  
  33  5:47  Overlord x2  
  33  5:59  Drone  
  33  6:00  Drone x2  
  33  6:03  Extractor  
  35  6:17  Roach  
  30  6:28  Roach  
  25  6:44  Roach x2  
  23  6:59  Zergling x2  
Tags
 
Add a new tag
Caveats
  • Supply blocks, unpowered buildings, or Contaminate may cause inaccurate times.
  • Supply counts are checked every 10 seconds.